 Dungeon Crawl Stone Soup version 0.18-b1-22-ge198996 (webtiles) character file.

43 buf2 the Bolt Thrower (level 3, 0/24 HPs)
             Began as a High Elf Hunter on May 3, 2016.
             Slain by an adder (2 damage)
             ... on level 2 of the Dungeon.
             The game lasted 00:11:46 (1981 turns).

buf2 the Bolt Thrower (High Elf Hunter)             Turns: 1981, Time: 00:11:46

Health: 0/24       AC:  3    Str: 11    XL:     3   Next: 37%
Magic:  4/4        EV: 12    Int: 16    God:
Gold:   88         SH:  0    Dex: 15    Spells: 0 memorised, 2 levels left

rFire  . . .     SeeInvis .     b - +0 short sword
rCold  . . .     Gourm    .     c - +0 leather armour
rNeg   . . .     Faith    .     (no shield)
rPois  +         Spirit   .     (no helmet)
rElec  .         Dismiss  .     (no cloak)
rCorr  .         Reflect  .     (no gloves)
SustAt .         Harm     .     (no boots)
MR     .....                    (no amulet)
Stlth  ++........               (no ring)
                                (no ring)

@: lethally poisoned (0 -> -9), very slightly contaminated, hasted, very quick,
not resistant to hostile enchantments, unstealthy
A: poison resistance
a: no special abilities


You were on level 2 of the Dungeon.
You were not hungry.

You visited 1 branch of the dungeon, and saw 2 of its levels.

You collected 88 gold pieces.

Inventory:

Hand Weapons
 a - a +1 hand crossbow
 b - a +0 short sword (weapon)
 e - a +0 dagger of draining
 m - a +0 mace
 o - a +0 hand axe
Missiles
 d - 10 bolts
 g - 22 sling bullets
 h - 63 stones (quivered)
 p - 23 arrows
 r - 17 poisoned needles
Armour
 c - a +0 leather armour (worn)
 j - a +0 cloak
 l - a +0 robe
 n - a +0 ring mail
 w - a +2 ring mail of fire resistance
Scrolls
 i - a scroll of amnesia {unknown}
 k - 2 scrolls of immolation
 q - a scroll of enchant weapon {unknown}
 t - 2 scrolls of identify {unknown}
 u - a scroll of enchant armour {unknown}
Potions
 z - a potion of curing {unknown}
Comestibles
 f - a bread ration
 A - 4 chunks of flesh


   Skills:
 + Level 2.0 Fighting
 + Level 5.0 Crossbows
 + Level 0.3 Armour
 + Level 2.3 Dodging
 + Level 1.2 Stealth


You had 2 spell levels left.
You didn't know any spells.

Dungeon Overview and Level Annotations

Branches:
Dungeon (2/15)

Altars:


Innate Abilities, Weirdness & Mutations

Your system is resistant to poisons.


Message History

It was a potion of haste.
You feel yourself speed up. The adder closely misses you. The adder bites you.
* * * LOW HITPOINT WARNING * * *
You are more poisoned.
The adder poisons you!
You are very lightly contaminated with residual magic.
Drink which item? (? for menu, Esc to quit)
It was a potion of mutation.
You feel extremely strange.
You feel resistant to heat.
You feel resistant to poisons.
You no longer feel heat resistant.
* * * LOW HITPOINT WARNING * * *
You feel sick.
You hit the adder.
The adder is moderately wounded.
The adder closely misses you.
You hit the adder.
The adder is heavily wounded.
* * * LOW HITPOINT WARNING * * *
You feel sick. The adder bites you.
You die...

#........##.#.
#........##...
##..........#. #
#.###....#.#. #.
#.# #..#.#.#.
##.## #..#...#.
#.... #..##..#.
#....####
#..##..#.
#...SS@.#
#####..#...#.
#....##.#
#......#.#.#.
#.... #.#
#.#......#.#.
#.... #.#
#........#...
#....
#.######..#......
#....
#.........#.###..
#....
########.##.####)
..... #......# #.
#......# #.


You could see 2 adders.

Vanquished Creatures
  An adder (D:2)
  A dart slug (D:2)
  A giant gecko (D:2)
  4 bats (D:1)
  A giant cockroach (D:1)
  5 goblins
  3 hobgoblins
  A jackal (D:1)
  5 kobolds
  4 giant newts
  2 rats
28 creatures vanquished.

Notes
Turn   | Place    | Note
--------------------------------------------------------------
     0 | D:1      | buf2 the High Elf Hunter began the quest for the Orb.
     0 | D:1      | Reached XP level 1. HP: 14/14 MP: 2/2
   185 | D:1      | Reached XP level 2. HP: 19/19 MP: 3/3
  1588 | D:2      | Reached XP level 3. HP: 24/24 MP: 4/4
  1676 | D:2      | Reached skill level 5 in Crossbows
  1979 | D:2      | Gained mutation: Your flesh is heat resistant. [potion of mutation]
  1979 | D:2      | Gained mutation: Your system is resistant to poisons. [potion of mutation]
  1979 | D:2      | Lost mutation: Your flesh is heat resistant. [potion of mutation]
  1981 | D:2      | Slain by an adder

Skill      XL: |  1  2  3 |
---------------+----------+-----
Crossbows      | 5 |  5.0
Fighting       | |  2.0
Armour         | |  0.3
Dodging        | |  2.3
Stealth        | |  1.2

Action                   || total
-------------------------++-------
Melee: Short sword       ||    37
 Fire: Hand crossbow     ||    45
  Use: Scroll            ||     3
       Potion            ||     5
  Eat: Chunk             ||     1
       Bread ration      ||     1
Armor: Leather armour    ||     8
Dodge: Dodged            ||    24
